 Dungeon Crawl Stone Soup version 0.22-a0-162-g33bf127 (webtiles) character file.

85 Amnesiac the Magician (level 4, 0/30 HPs)
             Began as a Mummy Earth Elementalist on Feb 12, 2018.
             Slain by an orc
             ... wielding a +3 vampiric whip
              (6 damage)
             ... on level 2 of the Dungeon.
             The game lasted 00:03:58 (2186 turns).

Amnesiac the Magician (Mummy Earth Elementalist)    Turns: 2186, Time: 00:03:59

Health: 0/30       AC:  3    Str: 11    XL:     4   Next: 25%
Magic:  9/9        EV: 12    Int: 15    God:
Gold:   86         SH:  0    Dex: 12    Spells: 7/10 levels left

rFire    x . .     SeeInvis .   e - +0 dagger
rCold    + . .     Gourm    .   (no shield)
rNeg     + + +     Faith    .   c - +0 robe
rPois    ∞         Spirit   .   (no helmet)
rElec    .         Reflect  .   i - +0 cloak
rCorr    .         Harm     .   (no gloves)
MR       .....                  (no boots)
Stlth    ++........             (no amulet)
HPRegen  0.10/turn              (no ring)
MPRegen  0.11/turn              (no ring)

@: no status effects
A: no food or potions, fire vulnerability, cold resistance 1, negative energy
resistance 3, torment resistance, unbreathing
a: no special abilities


You were on level 2 of the Dungeon.
You were not hungry.

You visited 1 branch of the dungeon, and saw 3 of its levels.

You collected 86 gold pieces.

Inventory:

Hand Weapons
 e - a +0 dagger (weapon)
Armour
 c - a +0 robe (worn)
 i - a +0 cloak (worn)
Scrolls
 a - a scroll of fog {!r, unknown}
 f - 3 scrolls of identify {!r, unknown}
 g - a scroll of remove curse {!r, unknown}
 h - a scroll of immolation {!r, unknown}
 j - a scroll of amnesia {!r, unknown}
 k - a scroll of teleportation {!r, unknown}
 l - a scroll of blinking {!r, unknown}
 n - a scroll of fear {!r, unknown}
Books
 d - a book of Geomancy

   Spells                             Type                      Level
   a - Sandblast                      Earth                        1
   b - Passwall                       Transmutation/Earth          2
   c - Stone Arrow                    Conjuration/Earth            3
   d - Petrify                        Transmutation/Earth          4
   e - Lee's Rapid Deconstruction     Earth                        5


   Skills:
 - Level 1.5 Dodging
 - Level 1.5 Stealth
 + Level 3.8 Spellcasting
 - Level 0.7 Transmutations
 * Level 3.7 Earth Magic


You had 7 spell levels left.
You knew the following spells:

 Your Spells              Type           Power        Failure   Level  Hunger
a - Sandblast             Erth           ##....       3%          1    N/A
b - Passwall              Tmut/Erth      #.........   11%         2    N/A

Dungeon Overview and Level Annotations

Branches:
Dungeon (3/15)

Altars:
Wu Jian


Innate Abilities, Weirdness & Mutations

You do not eat or drink.
Your flesh is vulnerable to fire.
You are immune to poison.
Your flesh is cold resistant. (rC+)
You are immune to negative energy. (rN+++)
You are immune to unholy pain and torment.
You can survive without breathing.


Message History

The orc is caught in the net!
The orc struggles against the net.
You hit the orc but do no damage.
The orc struggles against the net.
You hit the orc.
The orc is lightly wounded.
The orc struggles against the net.
You hit the orc but do no damage.
The orc is lightly wounded.
The orc struggles against the net.
You hit the orc but do no damage.
The orc is lightly wounded.
The orc struggles against the net.
You hit the orc but do no damage.
The orc is lightly wounded.
The orc struggles against the net.
You hit the orc but do no damage.
The orc is lightly wounded.
The orc struggles against the net.
The net rips apart, and the orc comes free!
You hit the orc but do no damage.
The orc is lightly wounded.
The orc barely misses you.
You closely miss the orc.
The orc is lightly wounded.
The orc misses you.
You hit the orc but do no damage.
The orc is lightly wounded.
The orc barely misses you. The orc hits you with a vampiric whip.
You hit the orc but do no damage.
The orc is lightly wounded.
The orc barely misses you.
You barely miss the orc.
The orc is lightly wounded.
The orc hits you with a vampiric whip!
You barely miss the orc.
The orc is lightly wounded.
The orc misses you.
You hit the orc but do no damage.
The orc is lightly wounded.
The orc hits you with a vampiric whip.
You closely miss the orc.
The orc is lightly wounded.
The orc misses you.
You hit the orc.
The orc is moderately wounded.
The orc hits you with a vampiric whip.
You hit the orc.
The orc is moderately wounded.
The orc hits you with a vampiric whip!
* * * LOW HITPOINT WARNING * * *
You hit the orc.
The orc is severely wounded.
The orc hits you with a vampiric whip.
* * * LOW HITPOINT WARNING * * *
There is a stone staircase leading down here.
The orc hits you with a vampiric whip.
* * * LOW HITPOINT WARNING * * *
You hit the orc.
The orc is almost dead.
You hit the orc but do no damage.
The orc is almost dead.
The orc barely misses you. The orc hits you with a vampiric whip.
You die...

##.#.#####.................#
...#.#####.........#.....#.#
..##.##..........##.....)###
#....#..#................###
............%..#.##........##
.................##.........###
...............####......#....#
...............####...%..#.##.###
...............o@.#......#.##.#†.
........###.#####................
........##÷.÷...###......#.#..#..
#......##........##%.....#.##..##
.......#..........########.###.##
..................# #.###..#
..................# #.......
.#.)..!...........# ###.....
..................# #.....


You could see an orc.

Vanquished Creatures
  3 gnolls (D:2)
  An adder (D:3)
  An ooze (D:2)
  2 dart slugs
  A leopard gecko (D:1)
  7 bats
  3 giant cockroaches
  3 goblins
  4 hobgoblins
  2 jackals (D:1)
  3 kobolds
  A quokka (D:2)
  2 frilled lizards
  5 rats
38 creatures vanquished.

Notes
Turn   | Place    | Note
-------+----------+-------------------------------------------
     0 | D:1      | Amnesiac the Mummy Earth Elementalist began the quest for the Orb.
     0 | D:1      | Reached XP level 1. HP: 13/13 MP: 4/4
   341 | D:1      | Reached XP level 2. HP: 19/19 MP: 5/5
   393 | D:2      | Found an ornate altar of the Wu Jian Council.
   921 | D:1      | Reached XP level 3. HP: 18/24 MP: 7/7
   925 | D:1      | Learned a level 2 spell: Passwall
  1820 | D:3      | Reached XP level 4. HP: 29/30 MP: 4/9
  2186 | D:2      | Slain by an orc

Vault maps used:
D:1:      dpeg_arrival_rhombus
D:2:      nicolae_overflow_crystal_walls
D:3:      cheibrodos_pilgrimage, hangedman_decor_growths, uniq_sigmund

Skill      XL: |  1  2 |
---------------+-------+-----
Spellcasting   | 3 |  3.8
Earth Magic    | 3 |  3.7
Dodging        | |  1.5
Stealth        | |  1.5
Transmutations | |  0.7

Action                   |  1- 3 |  4- 6 || total
-------------------------+-------+-------++-------
Melee: Dagger            |    43 |    20 ||    63
Throw: Throwing net      |       |     1 ||     1
 Cast: Sandblast         |    48 |    10 ||    58
       Passwall          |       |     1 ||     1
 Stab: Sleeping          |     2 |     1 ||     3
Armor: Robe              |    17 |     1 ||    18
Dodge: Dodged            |    54 |    11 ||    65

Table legend:
 A = Spawn XP
 B = Non-spawn XP
 C = Spawn XP percentage of total XP
 D = Spawn monster count
 E = Non-spawn monster count
 F = Spawn count percentage of total count
 G = Total turns spent on level
                    A         B        C        D         E        F      G
               +---------+---------+-------+---------+---------+-------+---------
         Total |       0 |     122 |   0.0 |       0 |      38 |   0.0 |  2186
               +---------+---------+-------+---------+---------+-------+---------
           D:1 |       0 |      33 |   0.0 |       0 |      16 |   0.0 |  1296
           D:2 |       0 |      76 |   0.0 |       0 |      21 |   0.0 |   831
           D:3 |       0 |      13 |   0.0 |       0 |       1 |   0.0 |    59
               +---------+---------+-------+---------+---------+-------+---------
